 Dungeon Crawl Stone Soup version 0.29.0-11-gd7f09526c8 (webtiles) character file.

Game seed: 8874480700124226531

487 greasedhog the Chopper (level 7, -1/91 HPs)
             Began as a Meteoran Berserker on Sept 6, 2022.
             Was a Believer of Trog.
             Constricted to death by Ijyb (8 damage)
             ... on level 4 of the Dungeon.
             The game lasted 00:03:51 (1675 turns).

greasedhog the Chopper (Meteoran Berserker)         Turns: 1675, Time: 00:03:52

Health: -1/91      AC:  7    Str: 20    XL:     7   Next: 63%
Magic:  8/8        EV:  7    Int:  9    God:    Trog [**....]
Gold:   145        SH:  0    Dex: 14    Spells: 6/6 levels left

rFire   . . .      SeeInvis .   a - +0 hand axe
rCold   . . .      Faith    .   (no shield)
rNeg    . . .      Spirit   .   g - +0 scale mail
rPois   .          Reflect  .   (no helmet)
rElec   .          Harm     .   (no cloak)
rCorr   .          Rampage  .   (no gloves)
Will    +....                   (no boots)
Stlth   ..........              (no amulet)
HPRegen 0.25/turn               l - ring of willpower
MPRegen 0.11/turn               (no ring)

@: berserking, grasped by roots, glowing, constricted, very quick
A: sense surroundings 1, otherworldly, glowing, explore regen
a: Renounce Religion, Berserk, Trog's Hand


You were on level 4 of the Dungeon.
You worshipped Trog.
Trog was pleased with you.
You visited 1 branch of the dungeon, and saw 4 of its levels.

You collected 145 gold pieces.

Inventory:

Hand Weapons
 a - a +0 hand axe (weapon)
 n - a +0 mace of protection
Armour
 g - a +0 scale mail (worn)
Jewellery
 l - a ring of willpower (left hand)
Scrolls
 b - a scroll of enchant armour
 f - 2 scrolls of fear
 m - a scroll of butterflies
Potions
 c - a potion of attraction {unknown}
 d - a potion of flight {unknown}
 e - a potion of cancellation {unknown}
 i - a potion of brilliance {unknown}
 j - 4 potions of curing
 k - a potion of haste {unknown}


   Skills:
 - Level 5.2 Fighting
 * Level 7.1 Axes
 * Level 4.9 Armour
 - Level 2.4 Dodging


You had 6 spell levels left.
You didn't know any spells.
Your spell library was empty.

Dungeon Overview and Level Annotations

Branches:
Dungeon (4/15) Zot: 660
 Temple: D:4-7

Altars:
Hepliaklqana

Annotations:
D:4 Ijyb


Innate Abilities, Weirdness & Mutations

You passively map a small area around you.
You are easily found by Zot.
You glow in the dark.
You regain HP and MP as you explore.


Message History

h - a scroll of identify
Found an escape hatch in the floor.
As you read the scroll of identify, it crumbles to dust.
b - a scroll of enchant armour
There is a stone staircase leading down here.
You now have 145 gold pieces (gained 11).
An orc wizard and an orc priest come into view.
The orc wizard shouts!
The orc priest shouts!
You hear a shout! x3
The orc wizard gestures wildly while chanting.
The orc wizard flickers and vanishes!
Deactivating autopickup; reactivate with Ctrl-A.
The orc priest mumbles some strange prayers to Beogh against you.
Beogh smites you!
An orc comes into view. It is wielding a +0 falchion.
The orc shouts!
The orc priest invokes the aid of Beogh against you.
Beogh smites you!
An orc wizard comes into view. It is wielding a +0 dagger.
A magic dart appears from out of thin air!
The magic dart hits you!
The orc wizard shouts!
You hit the orc priest but do no damage.
You hit the orc priest.
The orc priest is lightly wounded.
Ijyb the Twisted Goblin comes into view.
She is wielding a +3 dagger of freezing, wearing a +1 leather armour of cold resistance and carrying a wand of roots (4).
The orc priest hits you but does no damage.
You closely miss the orc priest.
The orc priest is lightly wounded.
Ijyb zaps a wand.
The roots erupt in riotous growth!
The orc priest is unaffected.
The grasping roots grab you! The grasping roots constrict you!
The orc priest invokes the aid of Beogh against you.
Beogh smites you!
* * * LOW HITPOINT WARNING * * *
You hear an angry hiss.
A red film seems to cover your vision as you go berserk!
You feel yourself moving faster!
You feel mighty! The orc priest barely misses you.
The grasping roots constrict you!
You die...

, , ,, #.#.., #.#., ###### ####
#.#g * .....# #.., .o.# , .###.#
#.# #o.#* * * .###.######.####..
, , .#............##o# , , ,
.#.#.######.#.##@# , , , , ...#.#
#.#.##.# , , , .....# #......#* ,
,* ,.. .....# ###.######## *#<..#
.....# #.....)#.## #...# .....#
#.......).# #...#
#...#########.####....## #...#
...###...........#.###.####...###
##.###.....##.##..## ##..........


You could see Ijyb, an orc priest, an orc wizard and an orc.

Vanquished Creatures
  An orc warrior (D:4)
  A scorpion (D:4)
  A hound (D:4)
  2 orc priests
  A jelly (D:4)
  Natasha (D:2)
  An iguana (D:4)
  2 orc wizards
  3 adders
  3 worms
  13 orcs
  6 ball pythons
  5 endoplasms
  5 hobgoblins
  4 jackals (D:4)
  9 kobolds
  A quokka (D:2)
  3 bats
  8 frilled lizards (D:1)
  8 goblins
  A rat (D:1)
79 creatures vanquished.

Vanquished Creatures (others)
  A fungus (D:3)
1 creature vanquished.

Grand Total: 80 creatures vanquished

Notes
Turn   | Place    | Note
-------+----------+-------------------------------------------
     0 | D:1      | greasedhog the Meteoran Berserker began the quest for the
                  | Orb.
     0 | D:1      | Reached XP level 1. HP: 19/19 MP: 2/2
    36 | D:1      | Reached XP level 2. HP: 19/26 MP: 3/3
   174 | D:1      | Reached skill level 4 in Axes
   496 | D:1      | Glimpsed the power of Zot.
   513 | D:2      | Noticed Natasha
   515 | D:2      | Noticed a crimson imp
   524 | D:2      | Killed Natasha
   525 | D:2      | Reached XP level 3. HP: 18/33 MP: 4/4
   525 | D:2      | Reached XP level 4. HP: 21/40 MP: 5/5
   613 | D:2      | Reached ** piety under Trog
   797 | D:3      | Reached skill level 5 in Axes
   847 | D:3      | Reached XP level 5. HP: 42/47 MP: 6/6
  1061 | D:3      | Reached skill level 5 in Fighting
  1067 | D:3      | Reached XP level 6. HP: 56/56 MP: 7/7
  1109 | D:3      | Found a hazy altar of Hepliaklqana.
  1220 | D:4      | Noticed an orc warrior
  1232 | D:4      | Killed an orc warrior
  1233 | D:4      | Reached skill level 6 in Axes
  1277 | D:4      | Reached XP level 7. HP: 51/61 MP: 8/8
  1519 | D:4      | Reached skill level 7 in Axes
  1673 | D:4      | Noticed Ijyb
  1675 | D:4      | Constricted to death by Ijyb

Illustrated notes

Levels and vault maps discovered:
D:1:      elethiomel_arrival_quiet, layout_basic, minmay_lizard_pond
D:2:      layout_rooms, uniq_natasha
D:3:      layout_rooms, nzn_hepliaklqana_mist_gate,
          shapermc_ecumenical_altar_acropolis, serial_co_window_serial,
          co_window_corner_a, co_window_of_opportunity_a, co_window_corner_a,
          co_window_of_opportunity_a, co_window_paths_a, co_window_2corner,
          co_window_unsneaky_path_e, co_window_2corner, co_window_corner_b,
          co_window_broadway_a, co_window_cross_2, co_window_paths_c,
          glass_columns_a, glass_columns_a
D:4:      layout_loops_cross, uniq_ijyb

Skill      XL: |  1  2  3  4  5  6  7 |
---------------+----------------------+-----
Axes           | 4 5 6 7 |  7.1
Fighting       | 4 5 |  5.2
Armour         | 3 4 |  4.9
Dodging        | |  2.4

Action                   |  1- 3 |  4- 6 |  7- 9 || total
-------------------------+-------+-------+-------++-------
Melee: Hand axe          |    42 |   147 |    77 ||   266
       Punch             |       |       |     1 ||     1
Invok: Berserk           |     1 |     3 |     4 ||     8
       Trog's Hand       |       |     2 |       ||     2
  Use: Scroll            |       |       |     6 ||     6
Armor: Animal skin       |     7 |       |       ||     7
       Scale mail        |       |    64 |    29 ||    93
Dodge: Dodged            |    27 |    60 |    26 ||   113
